Map: Triton LE

Players

Kelazhur - Winner!

  • Race: Terran Terran
  • Spawn Location: 5:00

Vindicta

  • Race: Terran Terran
  • Spawn Location: 11:00

Event: IEM Katowice 2020

VOD

Have the link to the VOD?

Description

Time

  • Played on: Feb. 25, 2020, 9:33 a.m.
  • Length: 18:25

All games in this series

Show
View Real Time Build Order
Export as new Build Order

Kelazhur Terran - Winner!

Build Orders:  

Get SALT Encoding   

  12  0:00  SCV  
  13  0:12  SCV  
  14  0:16  Supply Depot  
  14  0:24  SCV  
  15  0:38  SCV, Barracks  
  15  0:42  Refinery  
  16  0:50  SCV  
  17  0:59  Barracks  
  17  1:02  SCV  
  18  1:14  SCV  
  19  1:25  Reaper  
  19  1:26  Orbital Command  
  19  1:31  Supply Depot  
  20  1:46  Reaper  
  21  1:52  SCV  
  22  2:03  Reaper  
  22  2:04  SCV  
  24  2:16  Command Center  
  24  2:17  SCV  
  25  2:24  Marine  
  26  2:35  Marine  
  27  2:40  Factory  
  27  2:41  SCV  
  28  2:45  Supply Depot  
  28  2:50  Refinery  
  28  2:51  Bunker  
  28  2:53  SCV  
  29  3:03  Barracks Tech Lab  
  29  3:04  Marine  
  29  3:05  SCV  
  31  3:17  SCV  
  32  3:23  Refinery  
  32  3:27  Starport  
  32  3:31  Orbital Command  
  32  3:33  SCV  
  32  3:45  SCV  
  32  3:48  Cyclone  
  36  3:49  Barracks Tech Lab  
  36  3:57  SCV  
  36  4:00  SCV  
  38  4:09  SCV  
  39  4:12  SCV  
  39  4:13  Raven  
  39  4:15  Marine x2  
  44  4:21  SCV  
  44  4:23  Supply Depot  
  44  4:27  SCV  
  45  4:35  Barracks Reactor, Barracks Tech Lab  
  45  4:36  Siege Tank  
  48  4:41  SCV  
  48  4:42  SCV  
  48  4:53  SCV  
  48  4:54  SCV  
  48  4:56  Marine  
  48  4:57  Stimpack, Command Center  
  51  5:05  SCV  
  51  5:06  SCV, Refinery  
  53  5:08  Siege Tank  
  53  5:13  Marine x2  
  53  5:14  Marine  
  58  5:17  SCV  
  58  5:20  Barracks  
  60  5:22  SCV  
  60  5:23  Starport Reactor, Supply Depot  
  61  5:29  SCV  
  61  5:30  Supply Depot  
  62  5:38  Engineering Bay  
  62  5:45  SCV x2, Marine x3, Siege Tank  
  62  5:48  Supply Depot  
  70  5:57  SCV x2  
  70  6:03  Marine x3  
  75  6:06  Terran Infantry Weapons Level 1  
  75  6:09  SCV x2  
  75  6:10  Medivac x2  
  81  6:13  Marine  
  81  6:16  Orbital Command  
  82  6:22  Siege Tank  
  82  6:23  Marine  
  82  6:24  Marine  
  87  6:26  Marine  
  87  6:30  Combat Shield  
  88  6:47  Marine  
  88  6:48  Marine  
  88  6:53  Marauder x2  
  94  6:56  SCV x2, Barracks  
  94  6:59  Barracks  
  100  7:04  Missile Turret  
  100  7:05  Missile Turret  
  100  7:06  Viking x2  
  98  7:09  SCV  
  98  7:10  Marine x2  
  98  7:15  Supply Depot  
  101  7:20  Supply Depot  
  101  7:22  Marine  
  101  7:23  Marine  
  101  7:27  Siege Tank  
  98  7:33  Orbital Command, Marine x2  
  98  7:35  SCV x2  
  98  7:40  Marine  
  98  7:42  Marine  
  100  7:51  Marine x2  
  102  7:58  SCV x2  
  104  8:02  Terran Infantry Armor Level 1  
  104  8:04  Armory  
  108  8:05  Concussive Shells, Marauder x2  
  108  8:06  Barracks Reactor, Barracks Tech Lab  
  108  8:07  Viking x2  
  108  8:10  SCV  
  113  8:14  SCV x2, Missile Turret  
  113  8:19  Marine x2  
  117  8:22  Supply Depot  
  117  8:43  Refinery, Marauder  
  117  8:44  Viking, SCV x3, Marauder x2  
  117  8:45  Supply Depot  
  125  9:01  SCV, Marine x2  
  125  9:02  SCV x2, Engineering Bay, Marine  
  125  9:03  Marine  
  125  9:04  Marauder  
  125  9:06  Marauder  
  125  9:07  Viking  
  126  9:10  Marine  
  126  9:13  SCV  
  126  9:14  Viking, SCV x2  
  131  9:24  Command Center  
  131  9:25  Refinery  
  131  9:37  Terran Infantry Weapons Level 2  
  131  9:38  Supply Depot  
  131  9:39  Supply Depot  
  131  9:43  Siege Tank  
  133  9:46  Marauder  
  133  9:51  Marauder  
  133  9:52  Marine x2  
  133  9:53  Marine x2  
  133  9:57  Supply Depot  
  133  10:00  Marauder  
  133  10:02  Starport  
  133  10:05  Starport  
  132  10:09  Marauder  
  132  10:11  Viking x2  
  132  10:13  Supply Depot, Terran Infantry Armor Level 2  
  138  10:16  Siege Tank  
  137  10:22  Marauder  
  137  10:30  Marauder x2, Marine x3  
  137  10:31  Marine  
  143  10:45  Marauder  
  145  10:51  Marauder  
  145  10:52  Starport Reactor x2  
  145  10:55  Fusion Core  
  145  10:57  Missile Turret  
  146  10:58  SCV x2  
  146  10:59  Missile Turret  
  148  11:04  Marauder  
  148  11:06  Marauder, Marine  
  151  11:13  Marauder  
  153  11:27  Terran Ship Weapons Level 1  
  153  11:31  Planetary Fortress  
  153  11:32  SCV x3  
  155  11:35  Viking x2  
  155  11:36  Marine  
  155  11:37  Marine x6  
  165  11:40  Refinery  
  165  11:41  Refinery  
  165  11:44  SCV x3  
  160  11:56  SCV x3  
  162  12:04  Marauder x2  
  164  12:08  SCV  
  164  12:09  SCV x2  
  164  12:11  Liberator x2  
  173  12:19  Marauder  
  175  12:25  Marauder x2  
  179  12:33  Supply Depot  
  179  12:34  Liberator x2  
  179  12:36  SCV x3  
  188  12:43  Advanced Ballistics  
  188  12:54  Liberator  
  188  12:55  SCV x2  
  188  12:56  Missile Turret  
  193  13:06  Liberator  
  196  13:13  Supply Depot  
  196  13:15  Terran Infantry Weapons Level 3, Liberator  
  199  13:26  Command Center  
  199  13:32  Terran Infantry Armor Level 3  
  198  13:43  Terran Ship Weapons Level 2  
  198  13:45  Liberator  
  198  13:46  Marauder  
  194  13:50  Liberator  
  195  13:57  Marauder x2  
  195  14:00  Marine  
  199  14:20  Command Center  
  190  14:36  Viking x2, Marauder x2  
  190  14:37  Viking  
  150  14:39  Marine  
  150  14:40  Marauder  
  150  14:41  Marine  
  143  14:55  Viking x2  
  143  14:57  Marauder  
  144  15:00  Siege Tank  
  146  15:07  Marauder x2  
  148  15:20  Viking x3  
  154  15:24  SCV x3  
  157  15:36  SCV x3, Orbital Command  
  160  15:51  SCV  
  158  16:00  Liberator  
  158  16:01  Liberator  
  164  16:10  Marauder x2  
  164  16:11  Marauder, Marine, Liberator x2  
  171  16:12  Liberator  
  171  16:18  Marine x2  
  181  16:20  Siege Tank  
  181  16:21  Liberator  
  188  16:32  Marauder x2  
  187  16:36  Marine  
  187  16:37  Marauder, Marine  
  187  16:38  Marine  
  187  16:39  Marine  
  187  16:43  Viking  
  187  16:44  Viking  
  179  16:53  Marauder  
  182  16:54  Marine  
  181  17:15  Marauder x2  
  171  17:16  Medivac x2  
  171  17:17  Medivac x2, Marine x4  
  171  17:20  Barracks  
  171  17:21  Planetary Fortress  
  171  17:22  SCV x3, Barracks  
  170  17:35  SCV x3  
  170  17:36  Marauder  
  175  17:39  Refinery  
  175  17:40  Refinery  
  178  17:48  Marauder  
  166  17:58  Marauder  
  166  18:05  Marine x2  
Show
View Real Time Build Order
Export as new Build Order

Vindicta Terran 

Build Orders: Mech, Banshee Rush 

Get SALT Encoding   

  12  0:00  SCV  
  13  0:12  SCV  
  14  0:17  Supply Depot  
  14  0:24  SCV  
  14  0:28  Refinery  
  15  0:38  SCV  
  16  0:44  Barracks  
  16  0:50  SCV  
  16  0:54  Refinery  
  17  1:02  SCV  
  18  1:14  SCV  
  19  1:31  Reaper  
  21  1:33  Orbital Command  
  21  1:39  Factory  
  20  1:54  Supply Depot  
  20  1:58  SCV  
  21  2:03  Reaper  
  21  2:10  SCV  
  24  2:22  SCV  
  24  2:23  Hellion  
  25  2:35  Reaper  
  25  2:36  Command Center  
  26  2:42  SCV, Supply Depot  
  27  2:47  Hellion  
  29  2:54  SCV  
  30  3:03  Starport  
  30  3:06  SCV  
  31  3:13  Barracks Tech Lab, Factory Tech Lab  
  31  3:18  SCV  
  32  3:25  Refinery  
  32  3:30  SCV  
  33  3:35  Cyclone  
  36  3:43  SCV  
  37  3:48  Orbital Command  
  37  3:51  Cloaking Field  
  37  3:55  SCV, Banshee  
  40  4:05  Supply Depot  
  40  4:07  SCV  
  41  4:12  Cyclone  
  41  4:15  SCV  
  45  4:19  SCV  
  46  4:27  SCV  
  46  4:31  SCV  
  48  4:32  Mag-Field Accelerator  
  48  4:38  Banshee  
  51  4:39  SCV  
  51  4:43  SCV  
  55  4:45  Cyclone  
  55  4:51  SCV  
  54  4:53  Refinery  
  54  4:55  SCV  
  55  5:03  SCV  
  56  5:07  SCV  
  56  5:08  Supply Depot  
  56  5:12  Command Center  
  57  5:17  Siege Tank  
  57  5:18  SCV  
  61  5:21  SCV  
  61  5:28  Hyperflight Rotors  
  62  5:29  Banshee  
  62  5:30  SCV, Supply Depot  
  66  5:36  SCV  
  66  5:39  Supply Depot  
  68  5:44  Supply Depot  
  68  5:46  SCV  
  68  5:47  Supply Depot  
  68  5:48  SCV  
  69  5:53  Barracks Reactor, Factory  
  69  5:56  Siege Tank  
  72  5:58  SCV  
  72  6:00  SCV  
  73  6:06  Supply Depot  
  73  6:10  SCV  
  74  6:12  SCV, Banshee  
  74  6:13  Factory  
  78  6:22  SCV  
  78  6:25  Orbital Command  
  79  6:26  SCV  
  79  6:29  Siege Tank  
  83  6:34  SCV  
  83  6:38  SCV  
  85  6:42  Barracks Reactor, Hellion  
  85  6:46  SCV  
  88  6:47  Engineering Bay  
  88  6:49  Armory  
  88  6:50  SCV  
  89  6:58  SCV  
  91  7:02  SCV, Hellion  
  91  7:04  Hellion x2  
  98  7:10  Orbital Command  
  98  7:11  SCV  
  98  7:18  Sensor Tower  
  98  7:20  Refinery  
  98  7:21  Refinery, Sensor Tower  
  98  7:23  SCV x2, Siege Tank  
  98  7:25  Hellion  
  102  7:35  SCV x2  
  102  7:36  SCV  
  105  7:38  Terran Vehicle Weapons Level 1  
  105  7:39  Siege Tank  
  105  7:40  Supply Depot  
  108  7:45  Hellion  
  108  7:47  SCV x2  
  108  7:50  SCV  
  113  7:52  Viking  
  113  7:55  Siege Tank  
  115  7:59  SCV  
  115  8:01  Hellion  
  115  8:02  SCV  
  115  8:03  Supply Depot  
  118  8:11  Siege Tank  
  121  8:13  Factory  
  121  8:15  SCV, Factory  
  121  8:18  Hellion  
  121  8:19  SCV  
  123  8:22  Hellion  
  123  8:25  Viking x2  
  123  8:26  Supply Depot  
  129  8:27  Hellion  
  129  8:32  SCV  
  129  8:34  SCV  
  133  8:39  Hellion  
  134  8:43  Siege Tank  
  134  8:44  Supply Depot  
  136  8:53  Siege Tank  
  136  8:54  SCV, Viking  
  140  8:59  Factory Reactor, Factory Tech Lab  
  140  9:01  SCV  
  139  9:03  Hellion  
  139  9:05  Liberator  
  139  9:06  SCV  
  140  9:13  Hellion  
  140  9:15  Siege Tank  
  140  9:18  Siege Tank  
  140  9:19  SCV  
  140  9:22  SCV  
  140  9:23  Infernal Pre-Igniter  
  141  9:24  Smart Servos  
  141  9:25  Hellion  
  141  9:27  Hellion  
  141  9:30  SCV  
  141  9:31  SCV  
  147  9:34  SCV  
  150  9:42  SCV  
  150  9:44  Hellion  
  147  9:46  SCV  
  147  9:48  Liberator  
  148  9:53  Terran Vehicle Weapons Level 2  
  144  10:04  Command Center, Liberator  
  142  10:10  Hellion  
  142  10:11  Sensor Tower  
  142  10:13  SCV, Hellion  
  140  10:22  Hellion  
  140  10:24  Cyclone  
  140  10:26  SCV  
  140  10:28  Supply Depot  
  140  10:29  Supply Depot  
  140  10:31  Armory  
  140  10:34  Viking  
  136  10:37  Siege Tank  
  139  10:46  Hellion  
  139  10:47  Viking, SCV x2  
  139  10:48  SCV  
  146  10:55  Hellion  
  146  10:56  Siege Tank  
  148  10:59  SCV x2  
  148  11:01  Hellion  
  155  11:10  Viking  
  158  11:11  Missile Turret  
  158  11:12  Missile Turret  
  158  11:13  Hellion  
  158  11:14  Missile Turret  
  160  11:19  Viking  
  160  11:21  Thor  
  168  11:33  Terran Vehicle And Ship Armor Level 1  
  168  11:37  Thor  
  174  11:41  Viking  
  167  11:50  Missile Turret x2  
  167  11:51  Missile Turret  
  167  11:52  Missile Turret x2  
  173  11:56  Sensor Tower  
  173  11:58  Missile Turret  
  170  12:11  Refinery, Siege Tank  
  173  12:16  Refinery  
  173  12:20  Terran Vehicle Weapons Level 3  
  173  12:22  Liberator  
  176  12:29  Liberator  
  171  12:31  Planetary Fortress  
  171  12:33  SCV  
  171  12:35  SCV  
  171  12:36  SCV  
  168  12:38  Missile Turret  
  168  12:39  Missile Turret  
  171  12:45  SCV  
  171  12:50  SCV  
  174  12:52  Hellion  
  174  12:53  Cyclone x2  
  174  12:54  Cyclone  
  178  13:00  Starport  
  178  13:05  Viking  
  180  13:09  Hellion  
  180  13:12  Viking  
  184  13:13  Hellion  
  186  13:30  Fusion Core  
  186  13:31  Command Center x2  
  186  13:36  Supply Depot x2  
  186  13:40  Siege Tank x2  
  193  13:41  SCV x2  
  193  13:42  Starport Reactor  
  189  13:54  Terran Vehicle And Ship Armor Level 2  
  188  13:58  Starport  
  188  14:00  Supply Depot  
  184  14:08  Thor  
  180  14:12  Hellion, Thor, Siege Tank  
  189  14:17  Missile Turret, Weapon Refit  
  189  14:19  Missile Turret  
  183  14:27  Viking  
  141  14:38  Viking x2  
  141  14:44  Thor  
  141  14:45  Hellion  
  132  14:46  Hellion  
  132  14:47  Viking  
  132  14:48  Viking  
  135  14:55  Siege Tank  
  135  14:57  Viking  
  129  15:08  Hellion  
  129  15:10  Viking  
  130  15:15  SCV x3  
  124  15:30  SCV x2  
  124  15:33  Orbital Command  
  120  15:36  Hellion  
  120  15:38  Hellion x2, Siege Tank  
  128  16:10  Planetary Fortress  
  125  16:13  Hellion  
  126  16:20  Hellion  
  126  16:21  Viking  
  128  16:30  Thor  
  128  16:37  Thor  
  131  16:42  Hellion x3  
  134  16:48  Hellion  
  133  16:55  Viking  
  133  17:00  Orbital Command  
  128  17:03  Siege Tank  
  131  17:13  Siege Tank  
  128  17:18  Hellion x2  
  128  17:20  Hellion  
  128  17:21  Siege Tank  
  105  17:26  Viking  
  105  17:29  Hellion  
  104  17:32  SCV  
  104  17:35  Siege Tank  
  108  17:40  Hellion  
  110  17:50  Viking  
  100  17:51  Hellion  
  100  17:52  SCV x2  
  100  17:57  Hellion  
  104  18:01  Hellion x3  

Tags
 
Add a new tag
Caveats
  • Supply blocks, unpowered buildings, or Contaminate may cause inaccurate times.
  • Supply counts are checked every 10 seconds.